 Dungeon Crawl Stone Soup version 0.28.0 (webtiles) character file.

Game seed: 4272395095822016601

4347 Sanktem7 the Frost Mage (level 10, -12/71 (74) HPs)
             Began as a Gnoll Ice Elementalist on Feb 8, 2022.
             Was an Initiate of Yredelemnul.
             Mangled by a polar bear (16 damage)
             ... on level 9 of the Dungeon.
             The game lasted 00:21:01 (8446 turns).

Sanktem7 the Frost Mage (Gnoll Ice Elementalist)    Turns: 8446, Time: 00:21:03

HP:   -12/71 (74)   AC: 27    Str:  7    XL:     10   Next: 34%
MP:   20/20         EV:  4    Int: 18    God:    Yredelemnul [......]
Gold: 503           SH:  5    Dex: 14    Spells: 19/23 levels left

rFire   x . .      SeeInvis .   b - +8 dire flail (vorpal)
rCold   + . .      Faith    .   (shield currently unavailable)
rNeg    . . .      Spirit   .   u - +18 Lear's hauberk
rPois   .          Reflect  +   (helmet currently unavailable)
rElec   .          Harm     .   (no cloak)
rCorr   +          Rampage  .   (gloves currently unavailable)
Will    .....                   (boots currently unavailable)
Stlth   ..........              p - amulet of reflection
HPRegen 0.21/turn               g - ring of resist corrosion
MPRegen 0.17/turn               C - ring of ice

@: lightly drained
A: fangs 1, strong nose, distributed training
a: Renounce Religion, Recall Undead Harvest


You were on level 9 of the Dungeon.
You worshipped Yredelemnul.
Yredelemnul was noncommittal.
You visited 1 branch of the dungeon, and saw 9 of its levels.

You collected 503 gold pieces.

Inventory:

Hand Weapons
 b - a +8 vorpal dire flail (weapon)
 e - a +4 dagger of speed
Armour
 a - a +0 robe
 h - a +0 leather armour
 u - the +18 Lear's hauberk (worn)
   (You found it on level 5 of the Dungeon)
Jewellery
 g - a ring of resist corrosion (left hand)
 p - an amulet of reflection (around neck)
 y - an amulet of the acrobat
 C - a ring of ice (right hand)
 D - a ring of magical power
 E - a +4 ring of protection
Wands
 B - a wand of mindburst (7)
 G - a wand of flame (11)
Scrolls
 c - a scroll of torment {unknown}
 i - 6 scrolls of teleportation
 m - 2 scrolls of blinking
 n - 2 scrolls of noise {unknown}
 o - 2 scrolls of brand weapon {unknown}
 q - a scroll of fear {unknown}
 t - 2 scrolls of amnesia {unknown}
 v - 2 scrolls of fog {unknown}
 w - a scroll of vulnerability {unknown}
 x - 2 scrolls of identify
Potions
 d - 2 potions of might {unknown}
 f - 2 potions of haste {unknown}
 j - 2 potions of degeneration {unknown}
 k - 2 potions of attraction {unknown}
 l - a potion of magic {unknown}
 r - 2 potions of brilliance {unknown}
 s - 2 potions of mutation {unknown}
 z - 2 potions of curing
 A - 3 potions of flight {unknown}
 F - a potion of ambrosia {unknown}


   Skills:
 + Level 5.2 Fighting
 + Level 5.2 Short Blades
 + Level 5.2 Long Blades
 + Level 5.2 Axes
 + Level 5.2 Maces & Flails
 + Level 5.2 Polearms
 + Level 5.2 Staves
 + Level 5.2 Slings
 + Level 5.2 Bows
 + Level 5.2 Crossbows
 + Level 5.2 Throwing
 + Level 5.2 Armour
 + Level 7.0 Dodging
 + Level 6.7 Stealth
 + Level 5.2 Shields
 + Level 5.2 Unarmed Combat
 + Level 7.3 Spellcasting
 + Level 4.3 Conjurations
 + Level 4.3 Hexes
 + Level 4.3 Summonings
 + Level 4.3 Necromancy
 + Level 4.3 Translocations
 + Level 4.3 Transmutations
 + Level 4.3 Fire Magic
 + Level 8.4 Ice Magic
 + Level 4.3 Air Magic
 + Level 4.3 Earth Magic
 + Level 4.3 Poison Magic
 + Level 5.7 Invocations
 + Level 5.2 Evocations


You had 19 spell levels left.
You knew the following spells:

 Your Spells              Type           Power      Damage    Failure   Level
a - Freeze                Ice            100%       1d11      50%         1
b - Ozocubu's Armour      Ice            53%        N/A       86%         3

Your spell library contained the following spells:

 Spells                   Type           Power      Damage    Failure   Level
 Frozen Ramparts          Ice            100%       1d12      86%         3
 Animate Skeleton         Necr           44%        N/A       97%         1
 Pain                     Necr           88%        1d8       97%         1
 Corpse Rot               Necr/Air       44%        N/A       99%         2
 Static Discharge         Conj/Air       22%        N/A       99%         2
 Vampiric Draining        Necr           22%        2d7       100%        3
 Dispel Undead            Necr           22%        3d12      100%        4
 Hailstorm                Conj/Ice       44%        3d10      100%        4
 Sticky Flame             Conj/Fire      22%        2d4       100%        4
 Death Channel            Necr           Unusable   N/A       N/A         6

Dungeon Overview and Level Annotations

Branches:
Dungeon (9/15)             Temple (0/1) D:7            Lair (0/6) D:8
    Orc: D:9-12

Altars:
Ashenzari
Hepliaklqana
Okawaru
Trog
Vehumet
Xom
Yredelemnul
Zin
The Shining One

Shops:
D:3 (


Innate Abilities, Weirdness & Mutations

You have very sharp teeth.
Your uncanny sense of smell can sniff out nearby items.
Your experience applies equally to all skills.


Message History

The wight hits you but does no damage. x2; You block the polar bear's attack.
The polar bear claws you but does no damage.
The polar bear barely misses you. The wight hits you but does no damage.
Unknown command.
You sock the polar bear!
The polar bear is severely wounded.
The wight hits you but does no damage. You block the wight's attack.
The polar bear goes berserk!
The wight hits you but does no damage.
Unknown command.
You puncture the polar bear!
The polar bear is almost dead.
The polar bear bites you. The polar bear barely misses you.
The polar bear claws you but does no damage.
You block the wight's attack.
The wight hits you from afar with a +4 spear!
* * * LOW HITPOINT WARNING * * *
The wight hits you from afar with a +2 trident.
* * * LOW HITPOINT WARNING * * *
You feel drained.
The polar bear bites you but does no damage.
The polar bear claws you but does no damage. x2
The wight barely misses you.
You closely miss the polar bear.
The polar bear is almost dead.
The polar bear bites you.
* * * LOW HITPOINT WARNING * * *
The polar bear barely misses you. x2; The wight hits you but does no damage.
The wight barely misses you.
The polar bear bites you but does no damage.
The polar bear barely misses you.
The polar bear claws you but does no damage.
You block the wight's attack.
You hit the polar bear but do no damage.
The polar bear is almost dead.
The wight hits you but does no damage.
The wight hits you from afar with a +2 trident!
* * * LOW HITPOINT WARNING * * *
The polar bear bites you!
You die...
Your body rises from the dead as a mindless zombie.

####### ##
#.....#
...##.....#
#........#
###.....#
#....@<.#
###.###h#######
.≈≈.h.zzz......
....≈≈≈z≈≈≈≈...
.≈.≈≈.........≈
≈≈≈≈...∩..S...≈
≈≈...≈!..?≈≈≈≈≈
≈≈.!.≈≈....≈.≈≈
.≈≈≈≈≈≈≈≈≈≈≈≈≈≈


You could see a polar bear (berserk), an electric eel and 4 wights.

Vanquished Creatures
  A steam dragon (D:6)
  Edmund (D:4)
  2 wargs (D:8)
  2 water moccasins
  2 orc warriors
  2 black bears
  A wolf (D:9)
  An ice beast (D:6)
  A necrophage (D:5)
  5 ogres
  2 wyvern zombies (D:6)
  3 bullfrogs
  3 scorpions
  2 wyvern skeletons
  A water moccasin skeleton (D:5)
  A wight (D:9)
  3 howler monkeys (D:7)
  A centaur zombie (D:8)
  4 hounds
  Crazy Yiuf (D:6)
  An orc priest (D:8)
  An iguana (D:6)
  4 jellies
  A centaur skeleton (D:6)
  6 orc wizards
  A killer bee zombie (D:8)
  A hound zombie (D:5)
  A gnoll (D:5)
  2 howler monkey skeletons
  4 adders
  4 white imps
  2 ufetubi
  A dart slug (D:3)
  20 orcs
  A bat (D:3)
  3 endoplasms
  2 giant cockroaches (D:3)
  3 goblins
  3 hobgoblins (D:4)
  8 kobolds
  3 quokkas
  6 ball pythons
  5 frilled lizards
  2 orc zombies (D:7)
  6 rats
  A spectral ufetubus (D:5)
131 creatures vanquished.

Vanquished Creatures (collateral kills)
  A polar bear (D:9)
  An acid dragon (D:6)
  Duvessa (D:6)
  2 necrophages (D:5)
  A black bear (D:6)
  Dowan (D:6)
  A bullfrog zombie (D:5)
  A jelly (D:5)
  4 orc priests (D:8)
  2 bullfrog skeletons
  An iguana (D:6)
  2 orc wizards
  2 howler monkey skeletons (D:4)
  3 gnolls (D:5)
  7 orcs
  An orc zombie (D:7)
31 creatures vanquished.

Vanquished Creatures (others)
  A water moccasin zombie (D:8)
  A warg zombie (D:8)
  A necrophage zombie (D:5)
  An ogre zombie (D:5)
  A spectral jelly (D:5)
  2 adder zombies
  An iguana zombie (D:6)
  A spectral white imp (D:9)
  A ball python zombie (D:4)
  7 orc zombies
  A spectral ufetubus (D:9)
  A plant (D:8)
19 creatures vanquished.

Grand Total: 181 creatures vanquished

Notes
Turn   | Place    | Note
-------+----------+-------------------------------------------
     0 | D:1      | Sanktem7 the Gnoll Ice Elementalist began the quest for the
                  | Orb.
     0 | D:1      | Reached XP level 1. HP: 13/13 MP: 6/6
   139 | D:1      | Reached XP level 2. HP: 19/19 MP: 3/7
  1062 | D:2      | Reached skill level 5 in Spellcasting
  1062 | D:2      | Reached XP level 3. HP: 22/25 MP: 4/9
  1062 | D:2      | Found a faded altar of an unknown god.
  1564 | D:2      | Found a basalt altar of Yredelemnul.
  1575 | D:2      | Became a worshipper of Yredelemnul the Dark
  1669 | D:3      | Found a bloodstained altar of Trog.
  1699 | D:3      | Reached skill level 1 in Invocations
  2050 | D:3      | Found Yhobul's Antique Weapon Shop.
  2381 | D:3      | Reached skill level 1 in Fighting
  2381 | D:3      | Reached skill level 1 in Short Blades
  2381 | D:3      | Reached skill level 1 in Long Blades
  2381 | D:3      | Reached skill level 1 in Axes
  2381 | D:3      | Reached skill level 1 in Maces & Flails
  2381 | D:3      | Reached skill level 1 in Polearms
  2381 | D:3      | Reached skill level 1 in Staves
  2381 | D:3      | Reached skill level 1 in Slings
  2381 | D:3      | Reached skill level 1 in Bows
  2381 | D:3      | Reached skill level 1 in Crossbows
  2381 | D:3      | Reached skill level 1 in Throwing
  2381 | D:3      | Reached skill level 1 in Armour
  2381 | D:3      | Reached skill level 1 in Shields
  2381 | D:3      | Reached skill level 1 in Unarmed Combat
  2381 | D:3      | Reached skill level 1 in Evocations
  2506 | D:3      | Reached * piety under Yredelemnul
  2675 | D:4      | Noticed an ogre
  2680 | D:4      | Reached XP level 4. HP: 26/32 MP: 7/11
  2685 | D:4      | Killed an ogre
  2686 | D:4      | Reached skill level 1 in Conjurations
  2686 | D:4      | Reached skill level 1 in Hexes
  2686 | D:4      | Reached skill level 1 in Summonings
  2686 | D:4      | Reached skill level 1 in Necromancy
  2686 | D:4      | Reached skill level 1 in Translocations
  2686 | D:4      | Reached skill level 1 in Transmutations
  2686 | D:4      | Reached skill level 1 in Fire Magic
  2686 | D:4      | Reached skill level 1 in Air Magic
  2686 | D:4      | Reached skill level 1 in Earth Magic
  2686 | D:4      | Reached skill level 1 in Poison Magic
  2686 | D:4      | Reached XP level 5. HP: 24/37 MP: 3/12
  3101 | D:4      | Noticed a black bear
  3109 | D:4      | Noticed an ogre
  3110 | D:4      | Killed a black bear
  3111 | D:4      | Reached XP level 6. HP: 23/44 MP: 7/14
  3126 | D:4      | Reached skill level 5 in Dodging
  3490 | D:4      | Reached XP level 7. HP: 37/50 MP: 13/15
  3591 | D:4      | Noticed Edmund
  3604 | D:4      | Killed Edmund
  3918 | D:4      | Reached ** piety under Yredelemnul
  4097 | D:5      | Entered Level 5 of the Dungeon
  4103 | D:5      | Reached skill level 5 in Stealth
  4130 | D:5      | Reached XP level 8. HP: 51/57 MP: 14/16
  4573 | D:5      | Found an iron altar of Okawaru.
  4573 | D:5      | Found a glowing silver altar of Zin.
  4573 | D:5      | Found a glowing golden altar of the Shining One.
  5065 | D:5      | Reached *** piety under Yredelemnul
  5128 | D:5      | Found the +18 Lear's hauberk
  5588 | D:6      | Learned a level 3 spell: Ozocubu's Armour
  5618 | D:6      | Reached XP level 9. HP: 65/65 MP: 18/18
  5843 | D:6      | Reached skill level 8 in Ice Magic
  6093 | D:6      | Noticed Duvessa
  6096 | D:6      | Noticed Dowan
  6102 | D:6      | Killed Duvessa
  6110 | D:6      | Killed Dowan
  6225 | D:6      | Found a runed translucent door.
  6226 | D:6      | Noticed Crazy Yiuf
  6378 | D:6      | Reached **** piety under Yredelemnul
  6485 | D:6      | Killed Crazy Yiuf
  6742 | D:7      | Reached skill level 5 in Invocations
  6966 | D:7      | Found a hazy altar of Hepliaklqana.
  7127 | D:7      | Found a staircase to the Ecumenical Temple.
  7586 | D:8      | Found a broken altar of Ashenzari.
  7591 | D:8      | Reached XP level 10. HP: 73/73 MP: 20/20
  7591 | D:8      | Found a basalt altar of Yredelemnul.
  7602 | D:8      | Found a staircase to the Lair.
  7635 | D:8      | Reached skill level 5 in Fighting
  7635 | D:8      | Reached skill level 5 in Short Blades
  7635 | D:8      | Reached skill level 5 in Long Blades
  7635 | D:8      | Reached skill level 5 in Axes
  7635 | D:8      | Reached skill level 5 in Maces & Flails
  7635 | D:8      | Reached skill level 5 in Polearms
  7635 | D:8      | Reached skill level 5 in Staves
  7635 | D:8      | Reached skill level 5 in Slings
  7635 | D:8      | Reached skill level 5 in Bows
  7635 | D:8      | Reached skill level 5 in Crossbows
  7635 | D:8      | Reached skill level 5 in Throwing
  7635 | D:8      | Reached skill level 5 in Armour
  7635 | D:8      | Reached skill level 5 in Shields
  7635 | D:8      | Reached skill level 5 in Unarmed Combat
  7635 | D:8      | Reached skill level 5 in Evocations
  8299 | D:8      | Found a radiant altar of Vehumet.
  8302 | D:8      | Found a shimmering altar of Xom.
  8446 | D:9      | Mangled by a polar bear

Illustrated notes

Levels and vault maps discovered:
D:1:      dpeg_arrival_another_circle, layout_rooms, serial_forest,
          infiniplex_forest_straight_5, infiniplex_forest_lined_ring,
          infiniplex_forest_clump_double, infiniplex_forest_clump_C,
          infiniplex_forest_lined_corner, infiniplex_forest_lined_4_way,
          infiniplex_forest_clump_long, infiniplex_forest_straight_1
D:2:      layout_basic, chequers_ecumenical_altar_island, basic_altar,
          grunt_ministairs_2
D:3:      layout_basic, mainiacjoe_overflow_24_doors, serial_shops,
          nicolae_square_shop, minivault_23, minmay_crystal_water,
          chequers_serial_rivers_large_b
D:4:      layout_rooms, grunt_ministairs_1, small_statue_alley_b, uniq_edmund
D:5:      layout_basic, chequers_temple_overflow_statue_of_worship,
          minmay_diced_spiral
D:6:      layout_rooms, uniq_duvessa, uniq_crazy_yiuf_cottage
D:7:      layout_basic, nicolae_overflow_crystal_walls,
          minmay_temple_entry_stoned_glass, roderic_malta_cross,
          mrwooster_statue_mirror
D:8:      layout_basic, minitemple, erik_lair_orcish_takeover
D:9:      layout_loops_ring, serial_shops,
          nicolae_shop_temple_entry_statues_fountains, serial_ice, serial_ice_j,
          serial_ice_n, serial_ice_a, serial_ice_h, serial_ice_o, serial_ice_f,
          serial_ice_g

Skill      XL: |  1  2  3  4  5  6  7  8  9 10 |
---------------+-------------------------------+-----
Spellcasting   | 5 6 7 |  7.3
Invocations    | 1 2 3 4 5 |  5.7
Fighting       | 1 2 3 4 5 |  5.2
Short Blades   | 1 2 3 4 5 |  5.2
Long Blades    | 1 2 3 4 5 |  5.2
Axes           | 1 2 3 4 5 |  5.2
Maces & Flails | 1 2 3 4 5 |  5.2
Polearms       | 1 2 3 4 5 |  5.2
Staves         | 1 2 3 4 5 |  5.2
Slings         | 1 2 3 4 5 |  5.2
Bows           | 1 2 3 4 5 |  5.2
Crossbows      | 1 2 3 4 5 |  5.2
Throwing       | 1 2 3 4 5 |  5.2
Armour         | 1 2 3 4 5 |  5.2
Shields        | 1 2 3 4 5 |  5.2
Unarmed Combat | 1 2 3 4 5 |  5.2
Evocations     | 1 2 3 4 5 |  5.2
Conjurations   | 1 2 3 4 |  4.3
Hexes          | 1 2 3 4 |  4.3
Summonings     | 1 2 3 4 |  4.3
Necromancy     | 1 2 3 4 |  4.3
Translocations | 1 2 3 4 |  4.3
Transmutations | 1 2 3 4 |  4.3
Fire Magic     | 1 2 3 4 |  4.3
Air Magic      | 1 2 3 4 |  4.3
Earth Magic    | 1 2 3 4 |  4.3
Poison Magic   | 1 2 3 4 |  4.3
Dodging        | 5 6 7 |  7.0
Stealth        | 5 6 |  6.7
Ice Magic      | 8 |  8.4

Action                   |  1- 3 |  4- 6 |  7- 9 | 10-12 || total
-------------------------+-------+-------+-------+-------++-------
Melee: Unarmed           |    12 |     4 |       |       ||    16
       Bite              |     1 |     2 |    24 |     8 ||    35
       Dagger            |       |    11 |       |       ||    11
       Dire flail        |       |       |   196 |    76 ||   272
 Cast: Freeze            |    52 |    37 |    23 |       ||   112
  Use: Potion            |       |     2 |     1 |     1 ||     4
       Scroll            |       |       |     3 |       ||     3
 Stab: Sleeping          |     1 |       |     2 |       ||     3
       Distracted        |       |       |     1 |     1 ||     2
Armor: Robe              |     1 |       |       |       ||     1
       Leather armour    |    10 |    13 |    19 |       ||    42
       Chain mail        |       |       |   159 |    87 ||   246
Dodge: Dodged            |    30 |    45 |    92 |    22 ||   189
Block: Other             |       |       |    16 |    24 ||    40
